 Dungeon Crawl Stone Soup version 0.31.0-11-ge490571c62 (webtiles) character file.

Game seed: 15857685581945352014

1461 Arctor the Magician (level 8, -3/41 HPs)
             Began as a Deep Elf Fire Elementalist on Feb 5, 2024.
             Slain by a gnoll
             ... wielding a +0 halberd
             ... led by a gnoll sergeant
              (12 damage)
             ... on level 6 of the Dungeon.
             The game lasted 00:12:20 (8305 turns).

Arctor the Magician (Deep Elf Fire Elementalist)    Turns: 8305, Time: 00:12:21

Health: -3/41      AC:  2    Str:  5    XL:     8   Next: 48%
Magic:  16/20      EV: 14    Int: 29    God:
Gold:   221        SH:  0    Dex: 15    Spells: 13/20 levels left

rFire   . . .        (no weapon)
rCold   . . .        (no shield)
rNeg    . . .        a - +0 robe
rPois   .            (no helmet)
rElec   .            (no cloak)
rCorr   .            (no gloves)
SInv    .            (no boots)
Will    +....        m - amulet of magic regeneration
Stlth   +++          g - +6 ring of intelligence
HPRegen 0.26/turn    h - ring of willpower
MPRegen 0.57/turn

%: no passive effects
@: no status effects
A: no striking features
a: no special abilities


You were on level 6 of the Dungeon.
You visited 1 branch of the dungeon, and saw 6 of its levels.

You collected 221 gold pieces.

Inventory:

Armour
 a - a +0 robe (worn)
Magical Staves
 k - a staff of alchemy
Jewellery
 d - an amulet of guardian spirit
 g - a +6 ring of intelligence (left hand)
 h - a ring of willpower (right hand)
 m - an amulet of magic regeneration (around neck)
Wands
 l - a wand of light (20)
 q - a wand of charming (9)
Scrolls
 c - a scroll of revelation
 e - a scroll of enchant armour
 j - 2 scrolls of teleportation
 o - 2 scrolls of blinking
 p - a scroll of enchant weapon
Potions
 b - a potion of magic
 f - 2 potions of might {unknown}
 i - 2 potions of curing {unknown}
 n - a potion of berserk rage {unknown}


   Skills:
 + Level 6.0 Dodging
 + Level 6.5 Stealth
 + Level 6.7 Spellcasting
 + Level 5.1 Conjurations
 + Level 6.2 Fire Magic


You had 13 spell levels left.
You knew the following spells:

 Your Spells              Type           Power      Damage    Failure   Level
a - Foxfire               Conj/Fire      100%       2x1d9     1%          1
b - Scorch                Fire           92%        2d8       1%          2
c - Flame Wave            Conj/Fire      42%        2d11      4%          4

Your spell library contained the following spells:

 Spells                   Type           Power      Damage    Failure   Level
 Inner Flame              Hex/Fire       27%        N/A       4%          3
 Volatile Blastmotes      Fire/Tloc      54%        2d14      4%          3
 Starburst                Conj/Fire      21%        6d7       61%         6
 Plasma Beam              Fire/Air       13%        2x1d24    92%         6


Dungeon Overview and Level Annotations

Branches:
Dungeon (6/15)             Temple (0/1) D:5

Altars:
Kikubaaqudgha

Shops:
D:3 !


Message History

Confirm with . or Enter, or press ? or * to list all spells.
Flames lash the gnoll.
The gnoll is heavily wounded.
The gnoll's fire resistance burns away.
The gnoll barely misses you. The gnoll attacks as it pursues you!
The gnoll closely misses you.
Casting: Scorch (safe; 1% risk of failure)
Confirm with . or Enter, or press ? or * to list all spells.
Flames lash the gnoll.
The gnoll is burned terribly!
You kill the gnoll!
The gnoll hits you with a +0 flail! The gnoll attacks as it pursues you!
The gnoll barely misses you.
You conjure some foxfire!
Casting: Foxfire (safe; 1% risk of failure)
Confirm with . or Enter, or press ? or * to list all spells.
Flames lash the gnoll.
You kill the gnoll!
The foxfire hits the gnoll.
The gnoll is heavily wounded.
The foxfire hits the gnoll.
The gnoll is severely wounded.
The gnoll closely misses you.
You conjure some foxfire!
The gnoll barely misses you.
Casting: Foxfire (safe; 1% risk of failure)
Confirm with . or Enter, or press ? or * to list all spells.
Flames lash the gnoll.
The gnoll is moderately wounded.
The gnoll's fire resistance burns away.
The foxfire hits the gnoll.
The gnoll is moderately wounded.
The foxfire hits the gnoll.
The gnoll is burned terribly!
The gnoll is severely wounded.
The gnoll hits you from afar with a +0 halberd!
The gnoll barely misses you.
You are too injured to fight recklessly!
The gnoll attacks as it pursues you!
The gnoll hits you from afar with a +0 halberd!
* * * LOW HITPOINT WARNING * * *
The gnoll attacks as it pursues you! The gnoll barely misses you.
The gnoll attacks as it pursues you!
The gnoll hits you from afar with a +0 halberd!
You die...

...........#....#....#
#....###'###.[..')...#
#....##...##....#.†..#
...........+....#....#
..........##....##g..#
..........########...#
#....##....#.....gg..#
#....##....#.........#
#....##...##....@....#
.....##...##.........#
.....#....#..........#
....##...#..........#
#....##...#..........#
..........#..........#
..........#..........#
..........#..........#
#.........#..........#


You could see 3 gnolls.

Vanquished Creatures
  2 water moccasins
  3 ogres
  A kobold brigand (D:6)
  A scorpion (D:4)
  A jelly (D:5)
  A bombardier beetle (D:5)
  2 hounds
  3 orc priests (D:3)
  A gnoll bouda (D:4)
  3 sleepcaps
  2 iguanas
  Natasha (twice) (D:3)
  2 orc wizards
  Robin (D:3)
  11 gnolls
  10 adders
  2 dart slugs
  3 ribbon worms
  21 orcs
  10 ball pythons
  7 endoplasms
  2 giant cockroaches
  17 goblins
  8 hobgoblins
  15 jackals
  5 quokkas
  7 bats
  3 frilled lizards
  11 kobolds
  5 rats
162 creatures vanquished.

Vanquished Creatures (collateral kills)
  3 foxfires (D:1)
3 creatures vanquished.

Vanquished Creatures (others)
  826 foxfires
826 creatures vanquished.

Grand Total: 991 creatures vanquished

Notes
Turn   | Place    | Note
-------+----------+-------------------------------------------
     0 | D:1      | Arctor the Deep Elf Fire Elementalist began the quest for
                  | the Orb.
     0 | D:1      | Reached XP level 1. HP: 10/10 MP: 6/6
   375 | D:1      | Reached XP level 2. HP: 15/15 MP: 4/8
   433 | D:1      | Learned a level 2 spell: Scorch
   913 | D:1      | Reached XP level 3. HP: 19/19 MP: 5/9
  1799 | D:2      | Reached XP level 4. HP: 24/24 MP: 5/11
  3595 | D:3      | Reached XP level 5. HP: 28/28 MP: 3/13
  3970 | D:3      | Found an ancient bone altar of Kikubaaqudgha.
  4362 | D:3      | Noticed Robin
  4369 | D:3      | Killed Robin
  4370 | D:3      | Reached XP level 6. HP: 26/32 MP: 3/14
  4957 | D:3      | Noticed Natasha
  4966 | D:3      | Killed Natasha
  5180 | D:3      | Noticed Natasha
  5183 | D:3      | Killed Natasha
  5286 | D:3      | Identified the +1 ring mail of Potusax {Will+ SInv Stlth-}
  5468 | D:3      | Identified a scroll of acquirement
  5468 | D:3      | Acquired a book of Fire
  5475 | D:3      | Learned a level 4 spell: Flame Wave
  5663 | D:3      | Found Zuimuori's Distillery.
  6153 | D:4      | Reached skill level 5 in Spellcasting
  6389 | D:4      | Reached skill level 5 in Fire Magic
  6389 | D:4      | Reached XP level 7. HP: 36/36 MP: 13/16
  6495 | D:4      | Reached skill level 5 in Stealth
  6682 | D:5      | Entered Level 5 of the Dungeon
  6704 | D:5      | Found a staircase to the Ecumenical Temple.
  7033 | D:5      | Reached skill level 5 in Dodging
  7272 | D:5      | Reached XP level 8. HP: 41/41 MP: 17/19
  8045 | D:6      | Reached skill level 5 in Conjurations
  8305 | D:6      | Slain by a gnoll

Illustrated notes

Levels and vault maps discovered:
D:1:      scummos_arrival_checkerplants, layout_basic, minmay_split_cup_large
D:2:      layout_basic
D:3:      layout_loops_ring, mainiacjoe_overflow_small_starburst, serial_shops,
          nicolae_shop_peninsula, minmay_distorted, uniq_natasha, uniq_robin
D:4:      layout_loops_ring, minmay_misc_feat_room
D:5:      layout_basic, minmay_temple_entry_ruins
D:6:      layout_gridville, serial_park_tiny_2, minmay_joined_circles,
          uniq_jeremiah

Skill      XL: |  1  2  3  4  5  6  7  8 |
---------------+-------------------------+-----
Stealth        | 3 4 5 6 |  6.5
Dodging        | 3 4 5 6 |  6.0
Conjurations   | 2 3 4 5 |  5.1
Fire Magic     | 4 5 6 |  6.2
Spellcasting   | 4 5 6 |  6.7

Action                     |  1- 3 |  4- 6 |  7- 9 || total
---------------------------+-------+-------+-------++-------
  Melee: Unarmed           |     2 |     1 |       ||     3
   Cast: Foxfire           |   117 |   253 |   143 ||   513
         Scorch            |     1 |    33 |    20 ||    54
         Flame Wave        |       |       |     2 ||     2
    Use: Scroll            |       |     5 |     3 ||     8
 Armour: Robe              |    15 |    36 |    15 ||    66
  Dodge: Dodged            |    18 |    51 |    17 ||    86
